 Dungeon Crawl Stone Soup version 0.13.0-67-g7ee5eca (webtiles) character file.

2566 Kae the Frost Mage (level 9, -1/45 HPs)
             Began as a Deep Elf Ice Elementalist on Nov 27, 2013.
             Slain by a giant goldfish (10 damage)
             ... on Level 6 of the Dungeon.
             The game lasted 00:19:21 (8111 turns).

Kae the Frost Mage (Deep Elf Ice Elementalist)      Turns: 8111, Time: 00:19:21

HP  -1/45        AC  3     Str  7      XL: 9   Next: 11%
MP   8/26        EV  7     Int 22      God:
Gold 385         SH  0     Dex 15      Spells:  4 memorised, 11 levels left

Res.Fire  : . . .   See Invis. : .   o - +3 short sword (venom)
Res.Cold  : . . .   Warding    : .   j - +0 orc robe
Life Prot.: . . .   Conserve   : .   (no shield)
Res.Poison: .       Res.Corr.  : .   (no helmet)
Res.Elec. : .       Clarity    : .   z - +0 cloak
Sust.Abil.: . .     Spirit.Shd : .   (no gloves)
Res.Mut.  : .       Stasis     : .   (no boots)
Res.Rott. : .       Flight     : .   (no amulet)
Saprovore : . . .                    (no ring)
                                     g - ring of invisibility

@: held, somewhat resistant to hostile enchantments, fairly stealthy
A: no striking features
a: Evoke Invisibility


You were on level 6 of the Dungeon.
You were very hungry.

You visited 2 branches of the dungeon, and saw 7 of its levels.
You also visited: Sewer.

You collected 365 gold pieces.

Inventory:

Hand weapons
 o - a +3,+3 short sword of venom (weapon)
 I - a +1,+2 orcish vampiric short sword
Missiles
 t - 51 darts (quivered)
Armour
 a - a +0 elven robe
 j - a +0 orcish robe (worn)
 z - a +0 cloak (worn)
Magical devices
 e - a wand of random effects (8) {unknown}
 r - a wand of paralysis (12) {unknown}
 w - a wand of fireball (8) {unknown}
 x - a wand of fire (4) {unknown}
 G - a wand of confusion (2)
Comestibles
 c - 7 bread rations
 f - 6 meat rations
 m - an apple
 p - a pear
 A - an orange
 F - a choko
Scrolls
 d - 6 scrolls of identify
 h - 3 scrolls of enchant weapon I
 i - 2 scrolls of teleportation
 q - a scroll of curse jewellery
 B - 2 scrolls of fear
 C - a scroll of fog {unknown}
 E - 2 scrolls of blinking
 H - a scroll of amnesia
Jewellery
 g - a ring of invisibility (left hand)
 y - an uncursed ring of see invisible {unknown}
Potions
 k - a potion of slowing
 l - a potion of degeneration {unknown}
 n - 2 potions of heal wounds
 u - a potion of beneficial mutation {unknown}
 v - 2 potions of flight
Books
 b - a book of Frost

   Spells                             Type                      Level
   *Freeze                            Ice                          1
   *Throw Frost                       Conjuration/Ice              2
   *Ozocubu's Armour                  Charms/Ice                   3
   *Throw Icicle                      Conjuration/Ice              4
   Summon Ice Beast                   Ice/Summoning                4
   Condensation Shield                Ice                          4
 D - the Incunabulum of Frigorific Arcane Weapons
   (You found it on level 5 of the Dungeon)

   Spells                             Type                      Level
   Searing Ray                        Conjuration                  2
   Bolt of Cold                       Conjuration/Ice              6
   Iron Shot                          Conjuration/Earth            6
   Ozocubu's Refrigeration            Ice                          6


   Skills:
 - Level 2.4 Dodging
 - Level 2.4 Stealth
 + Level 6.9 Spellcasting
 * Level 8.2 Conjurations
 * Level 9.3 Ice Magic


You had 11 spell levels left.
You knew the following spells:

 Your Spells              Type           Power        Failure   Level  Hunger
a - Freeze                Ice            ####         1%          1    None
b - Throw Frost           Conj/Ice       #####.       1%          2    None
c - Ozocubu's Armour      Chrm/Ice       ####......   4%          3    #......
d - Throw Icicle          Conj/Ice       #####...     1%          4    ###....


Dungeon Overview and Level Annotations

Branches:
Dungeon (6/27)             Temple (1/1) D:5
    Orc: D:6-11

Altars:
Ashenzari
Cheibriados
Elyvilon
Kikubaaqudgha
Makhleb
Nemelex Xobeh
Okawaru
Sif Muna
Trog
Xom
Yredelemnul
Zin
the Shining One

Annotations:
D:3 Terence


Message History

* * * LOW HITPOINT WARNING * * *
Casting: Throw Frost
Confirm with . or Enter, or press ? or * to list all spells.
Aiming: Freeze
Press: ? - help, Shift-Dir - straight line, f/p - giant goldfish
Aim: a giant goldfish (water, almost dead)
You freeze the giant goldfish.
You kill the giant goldfish!
You hear a splash.
Casting: Freeze
Confirm with . or Enter, or press ? or * to list all spells.
Aiming: Freeze
Press: ? - help, Shift-Dir - straight line, f - giant goldfish
Aim: a giant goldfish (water)
You freeze the giant goldfish.
The giant goldfish is moderately wounded.
You slice into the net. The giant goldfish bites you.
* * * LOW HITPOINT WARNING * * *
You struggle against the net.
The giant goldfish bites you!
You die...

#.....#
#.##### #.#
########.#
........#(#
≈≈≈≈≈≈..#)#
.....≈≈.)(#
#.....≈..(##
##...h≈@...##
##..);.....#
#.((≈≈..((#
#.....≈≈≈.(#
....##...≈..#
..# ##%.≈.(#
. ##.≈.(#
#.≈.(#
#..≈.)#


You could see a giant goldfish and a jackal.

Vanquished Creatures
  The ghost of Kae the Ruinous, an average TeFE of Vehumet (D:3)
  A sky beast (D:4)
  A black bear (D:6)
  A giant goldfish (D:6)
  3 ogres
  A big kobold (Sewer)
  Blork the orc (D:4)
  5 gnoll sergeants (D:6)
  A jellyfish (D:6)
  A jelly (D:5)
  A crimson imp (D:5)
  2 hounds (D:6)
  3 gnoll shamans (D:6)
  3 orc wizards
  A giant frog skeleton (D:4)
  An orc priest (D:3)
  An iguana (D:5)
  2 big fish
  A scorpion (D:5)
  3 worker ants
  8 adders
  24 gnolls
  An inept feature mimic (D:2)
  A worm (D:4)
  3 grey rats (Sewer)
  2 giant eyeballs (D:6)
  An iguana skeleton (D:6)
  7 giant geckos
  2 oozes
  17 orcs
  A bat zombie (D:6)
  10 goblins
  12 hobgoblins
  19 jackals
  17 kobolds
  A ball python (D:1)
  12 bats
  2 giant cockroaches (D:3)
  A giant gecko zombie (D:5)
  6 giant newts
  A giant newt skeleton (D:4)
  A jackal skeleton (D:3)
  2 orc zombies (D:5)
  A quokka (D:3)
  14 rats
  A rat zombie (D:5)
201 creatures vanquished.

Notes
Turn   | Place    | Note
--------------------------------------------------------------
     0 | D:1      | Kae, the Deep Elf Ice Elementalist, began the quest for the Orb.
     0 | D:1      | Reached XP level 1. HP: 10/10 MP: 4/4
    25 | D:1      | Reached XP level 2. HP: 10/15 MP: 1/7
   132 | D:1      | Learned a level 2 spell: Throw Frost
   216 | D:1      | Reached skill level 4 in Ice Magic
   738 | D:1      | Reached XP level 3. HP: 17/19 MP: 7/9
  1589 | D:3      | Reached XP level 4. HP: 16/24 MP: 4/12
  1667 | D:3      | Noticed Kae's ghost (average TeFE)
  1676 | D:3      | Killed Kae's ghost
  1676 | D:3      | Reached skill level 5 in Ice Magic
  1676 | D:3      | Reached XP level 5. HP: 15/28 MP: 6/16
  1843 | D:3      | Reached XP level 6. HP: 10/32 MP: 13/18
  2057 | D:3      | Noticed Terence
  2150 | D:3      | Reached skill level 6 in Ice Magic
  2421 | D:3      | Found a glowing drain.
  2431 | Sewer    | Entered a sewer
  2694 | Sewer    | Found a white marble altar of Elyvilon.
  3046 | D:4      | Noticed Blork the orc
  3315 | D:3      | Learned a level 3 spell: Ozocubu's Armour
  3320 | D:3      | Learned a level 4 spell: Throw Icicle
  3329 | D:4      | Killed Blork the orc
  3329 | D:4      | Reached XP level 7. HP: 24/36 MP: 12/21
  3340 | D:4      | HP: 1/36 [poisoned by Blork the orc]
  3795 | D:4      | Reached skill level 5 in Conjurations
  3795 | D:4      | Reached skill level 7 in Ice Magic
  4335 | D:4      | Reached skill level 5 in Spellcasting
  4537 | D:5      | Entered Level 5 of the Dungeon
  4800 | D:5      | Found an ancient bone altar of Kikubaaqudgha.
  4997 | D:5      | Identified the Incunabulum of Frigorific Arcane Weapons
  5199 | D:5      | Reached XP level 8. HP: 41/41 MP: 9/23
  5334 | D:5      | Found a staircase to the Ecumenical Temple.
  5343 | Temple   | Entered the Ecumenical Temple
  5710 | D:6      | Reached skill level 8 in Ice Magic
  6563 | D:6      | Found a staircase to the Ecumenical Temple.
  7281 | D:6      | Reached skill level 9 in Ice Magic
  7281 | D:6      | HP: 1/41 [jackal (2)]
  7670 | D:6      | Reached XP level 9. HP: 45/45 MP: 1/26
  8111 | D:6      | Slain by a giant goldfish

Action                   |  1- 3 |  4- 6 |  7- 9 || total
-------------------------+-------+-------+-------++-------
Melee: Unarmed           |     4 |       |       ||     4
       Short sword       |    11 |    11 |    59 ||    81
 Cast: Freeze            |    58 |    93 |   210 ||   361
       Throw Frost       |       |     4 |   107 ||   111
       Ozocubu's Armour  |       |     1 |     4 ||     5
  Use: Scroll            |       |    14 |       ||    14
       Potion            |       |     2 |     5 ||     7
 Stab: Sleeping          |     2 |       |       ||     2
